 Dungeon Crawl Stone Soup version 0.32-a0-132-g2d33c3cfaf (webtiles) character file.

Game seed: 14226225517970279014

9124 Newt the Fighter (level 11, -4/92 HPs)
             Began as a Demonspawn Gladiator on Feb 9, 2024.
             Was an Initiate of Gozag.
             Incinerated by a deep elf pyromancer (14 damage)
             ... with a pyre arrow
             ... on level 10 of the Dungeon.
             The game lasted 00:10:53 (7689 turns).

Newt the Fighter (Demonspawn Gladiator)             Turns: 7689, Time: 00:10:54

Health: -4/92      AC: 16    Str: 20    XL:     11   Next: 18%
Magic:  0/11       EV: 26    Int: 21    God:    Gozag
Gold:   634        SH:  0    Dex: 21    Spells: 10/10 levels left

rFire   . . .        e - +6 long sword of a wizard's laboratory {freeze, Int+5 Dex+3 SInv}
rCold   . . .        (no shield)
rNeg    . . .        k - +5 scale mail
rPois   .            c - +0 helmet
rElec   .            (no cloak)
rCorr   .            u - +0 pair of gloves
SInv    +            (no boots)
Will    .....        n - amulet of the acrobat Stlth
                     j - +6 ring of intelligence
HPRegen 0.35/turn    r - +6 ring of strength
MPRegen 0.24/turn

%: acrobat, guardian spirit
@: on fire, acrobatic, glowing
A: icy blue scales 1, powered by death 3, magic shield, magic regeneration,
demonic touch 1
a: Renounce Religion, Potion Petition, Call Merchant, Bribe Branch


You were on level 10 of the Dungeon.
You worshipped Gozag.
Gozag was pleased with you.
You visited 2 branches of the dungeon, and saw 10 of its levels.

You collected 885 gold pieces.
You spent 161 gold pieces at shops.
You paid 90 gold pieces to Gozag.

Inventory:

Hand Weapons
 a - a +0 rapier
 e - the +6 long sword of a wizard's laboratory (weapon) {freeze, Int+5 Dex+3 SInv}
   (You found it on level 8 of the Dungeon)

   Int+5:     It affects your intelligence (+5).
   Dex+3:     It affects your dexterity (+3).
   SInv:      It lets you see invisible.
Missiles
 d - 8 throwing nets
 x - 4 boomerangs
 A - 10 poisoned darts (quivered)
Armour
 b - a +0 leather armour
 c - a +0 helmet (worn)
 k - a +5 scale mail (worn)
 u - a +0 pair of gloves (worn)
Jewellery
 j - a +6 ring of intelligence (left hand)
 n - an amulet of the acrobat (around neck)
 r - a +6 ring of strength (right hand)
 D - an amulet of regeneration
 E - a ring of resist corrosion
 H - a ring of protection from fire
Wands
 h - a wand of polymorph (6)
 t - a wand of flame (8)
 G - a wand of paralysis (9)
Scrolls
 f - a scroll of immolation
 i - 2 scrolls of fear
 m - 2 scrolls of noise
 s - a scroll of vulnerability
 y - 2 scrolls of teleportation
 C - a scroll of silence
 F - 2 scrolls of enchant weapon
Potions
 g - 2 potions of mutation
 p - 3 potions of enlightenment
 q - 2 potions of brilliance
 v - a potion of haste
 w - a potion of curing
 z - 2 potions of magic
 B - a potion of lignification {unknown}
 J - a potion of might
 K - a potion of degeneration {unknown}


   Skills:
 + Level 10.5 Fighting
 - Level 4.4(7.3) Short Blades
 * Level 9.1(9.6) Long Blades
 - Level 7.1 Throwing
 - Level 5.0 Armour
 - Level 2.6 Dodging


You had 10 spell levels left.
You didn't know any spells.
Your spell library contained the following spells:

 Spells                   Type           Power      Damage    Failure   Level
 Necrotise                Necr           0%         1d4       43%         1
 Call Canine Familiar     Summ           0%         N/A       82%         3
 Gell's Gravitas          Tloc           0%         N/A       82%         3
 Sigil of Binding         Hex            0%         N/A       82%         3
 Stone Arrow              Conj/Erth      0%         3d7       82%         3
 Teleport Other           Tloc           0%         N/A       82%         3
 Vampiric Draining        Necr           0%         2d6       82%         3
 Dimensional Bullseye     Hex/Tloc       0%         N/A       99%         4
 Martyr's Knell           Necr/Summ      0%         N/A       99%         4
 Curse of Agony           Necr           0%         N/A       100%        5
 Dispersal                Tloc           0%         N/A       100%        6
 Lehudib's Crystal Spear  Conj/Erth      0%         10d2      100%        8


Dungeon Overview and Level Annotations

Branches:
Dungeon (10/15)            Temple (1/1) D:7            Lair (0/5) D:9
    Orc (0/2) D:9

Altars:
Ashenzari
Cheibriados
Dithmenos
Fedhas
Gozag
Hepliaklqana
Makhleb
Nemelex Xobeh
Okawaru
Qazlal
Ru
Sif Muna
Trog
Uskayaw
Vehumet
Wu Jian
Xom
Yredelemnul

Shops:
D:5 ?


Innate Abilities, Weirdness & Mutations

You are partially covered in icy blue scales. (AC +2)
You regenerate a lot of health from kills.
When hurt, damage is shared between your health and your magic reserves.
You regenerate magic rapidly.
Your touch may inflict minor irresistible damage on your foes.


Message History

The liquid fire burns you!
The deep elf pyromancer mumbles some strange words.
Unknown command.
Unknown command.
You closely miss the deep elf pyromancer.
The liquid fire burns you!
* * * LOW HITPOINT WARNING * * *
The fire elemental hits you. The fire elemental burns you!
* * * LOW HITPOINT WARNING * * *
The deep elf pyromancer barely misses you.
Unknown command.
Unknown command.
You hit the deep elf pyromancer. You freeze the deep elf pyromancer.
You touch the deep elf pyromancer!
The deep elf pyromancer is moderately wounded.
The liquid fire burns you!
* * * LOW HITPOINT WARNING * * *
The fire elemental hits you. The fire elemental burns you!
* * * LOW HITPOINT WARNING * * *
The deep elf pyromancer barely misses you.
Unknown command.
Unknown command.
Unknown command.
You feel much better. The liquid fire burns you!
* * * LOW HITPOINT WARNING * * *
The fire elemental hits you. The fire elemental burns you!
* * * LOW HITPOINT WARNING * * *
The deep elf pyromancer points at you and mumbles some strange words.
The bolt of fire hits you!
* * * LOW HITPOINT WARNING * * *
Blink to where?
Press: ? - help, Dir - move target
As you read the scroll of blinking, it crumbles to dust.
The liquid fire burns you!
* * * LOW HITPOINT WARNING * * *
You shake off some of the fire as you move.
The liquid fire burns you!
You die...
Your body crumbles into a pile of gold.

....####
..........#.# ....#
..........#.# ....#
.........##$## ...
....# .....[..##.$.##
.... ....#
...######.....## ..$.
....#### ..
#...$...#.....
........
###...^...#.....
.....###
##....^>..........
.....#
#.@#..)^..(#......
.....#
#.....#.......#......
.....#
#.....##:....## #####
.....# #......##.E°##
.....# #...... ##e##
.....# #....... +.+
.....# #....... #E#
....... .......##...
.....#+ ...


There were no monsters in sight!

Vanquished Creatures
  2 two-headed ogres
  Amaemon (D:9)
  2 deep elf pyromancers (D:10)
  A gargoyle (D:10)
  A troll (D:10)
  Prince Ribbit (D:9)
  A hornet (D:10)
  5 slime creatures (D:10)
  A wyvern (D:9)
  2 wraiths
  5 yaks (D:10)
  Menkaure (D:6)
  An acid dragon (D:10)
  A water moccasin (D:7)
  2 ice beasts
  6 orc warriors
  A sky beast (D:8)
  2 wolves (D:9)
  A centaur (D:9)
  3 phantoms
  2 bullfrogs
  2 gnoll sergeants (D:5)
  2 scorpions (D:6)
  6 howler monkeys
  9 hounds
  4 gnoll boudas (D:5)
  7 orc priests
  3 jellies
  An iguana (D:7)
  9 orc wizards
  8 adders
  17 gnolls (D:5)
  2 ufetubi (D:5)
  2 dart slugs
  2 ribbon worms (D:2)
  31 orcs
  2 endoplasms (D:2)
  A giant cockroach (D:2)
  4 hobgoblins
  2 jackals (D:5)
  4 quokkas
  6 ball pythons
  A bat (D:2)
  3 frilled lizards (D:1)
  4 goblins
  6 kobolds
  9 rats
189 creatures vanquished.

Vanquished Creatures (collateral kills)
  An orange demon (D:9)
1 creature vanquished.

Grand Total: 190 creatures vanquished

Notes
Turn   | Place    | Note
-------+----------+-------------------------------------------
     0 | D:1      | Newt the Demonspawn Gladiator began the quest for the Orb.
     0 | D:1      | Reached XP level 1. HP: 16/16 MP: 1/1
    50 | D:1      | Found a faded altar of an unknown god.
   394 | D:1      | Gained mutation: You regenerate magic rapidly. [demonic
                  | ancestry]
   394 | D:1      | Reached XP level 2. HP: 22/22 MP: 2/2
   849 | D:1      | Gained mutation: Your touch may inflict minor irresistible
                  | damage on your foes. [demonic ancestry]
   849 | D:1      | Reached XP level 3. HP: 22/28 MP: 3/3
  1227 | D:2      | Reached skill level 3 in Fighting
  1227 | D:2      | Gained mutation: You regenerate a little health from kills.
                  | [demonic ancestry]
  1227 | D:2      | Reached XP level 4. HP: 31/35 MP: 4/4
  1872 | D:3      | Found a broken altar of Ashenzari.
  1934 | D:3      | Found a sparkling altar of Nemelex Xobeh.
  2071 | D:3      | You fall into a shaft and drop 3 floors!
  2089 | D:6      | Noticed a phantom
  2100 | D:6      | Killed a phantom
  2101 | D:6      | Gained mutation: You regenerate health from kills. [demonic
                  | ancestry]
  2101 | D:6      | Reached XP level 5. HP: 35/42 MP: 5/5
  2123 | D:6      | Noticed Menkaure
  2140 | D:6      | Killed Menkaure
  2141 | D:6      | Reached skill level 4 in Fighting
  2141 | D:6      | Gained mutation: When hurt, damage is shared between your
                  | health and your magic reserves. [demonic ancestry]
  2141 | D:6      | Reached XP level 6. HP: 11/48 MP: 6/6
  2285 | D:5      | Entered Level 5 of the Dungeon
  2396 | D:5      | Gained mutation: You are partially covered in icy blue
                  | scales. (AC +2) [demonic ancestry]
  2396 | D:5      | Reached XP level 7. HP: 55/55 MP: 7/7
  2518 | D:5      | Reached skill level 5 in Fighting
  2518 | D:5      | Reached skill level 5 in Throwing
  2844 | D:5      | Reached XP level 8. HP: 59/64 MP: 5/8
  2959 | D:5      | Reached skill level 6 in Fighting
  3300 | D:5      | Found Laof's Magic Scroll Emporium.
  3304 | D:5      | Bought a scroll of enchant weapon for 105 gold pieces
  3304 | D:5      | Bought a scroll of identify for 28 gold pieces
  3304 | D:5      | Bought a scroll of identify for 28 gold pieces
  3377 | D:6      | Found a hazy altar of Hepliaklqana.
  3506 | D:6      | Reached skill level 1 in Armour
  3767 | D:7      | Found an ornate altar of the Wu Jian Council.
  3798 | D:7      | Reached skill level 7 in Fighting
  3812 | D:7      | Reached XP level 9. HP: 72/72 MP: 9/9
  3868 | D:7      | Found a staircase to the Ecumenical Temple.
  3905 | Temple   | Entered the Ecumenical Temple
  3914 | Temple   | Became a worshipper of Gozag Ym Sagoz the Greedy
  4226 | D:7      | Found a hide-covered altar of Uskayaw.
  4674 | D:8      | Found a radiant altar of Vehumet.
  4851 | D:8      | Found an iron altar of Okawaru.
  4962 | D:8      | Reached skill level 5 in Armour
  4995 | D:8      | Identified the +6 long sword of a wizard's laboratory
                  | {freeze, Int+5 Dex+3 SInv}
  5062 | D:8      | Found a basalt altar of Yredelemnul.
  5300 | D:9      | Reached skill level 1 in Long Blades
  5320 | D:9      | Found a shimmering altar of Xom.
  5322 | D:9      | Found a shimmering altar of Xom.
  5387 | D:9      | Noticed Amaemon
  5387 | D:9      | Noticed an orange demon
  5404 | D:9      | Killed Amaemon
  5405 | D:9      | Reached skill level 8 in Fighting
  5411 | D:9      | Killed an orange demon
  5786 | D:9      | Noticed Prince Ribbit
  5792 | D:9      | Killed Prince Ribbit
  5890 | D:9      | Reached skill level 5 in Long Blades
  5890 | D:9      | Reached XP level 10. HP: 73/82 MP: 7/10
  5903 | D:9      | Found a shadowy altar of Dithmenos.
  5910 | D:9      | Found a staircase to the Orcish Mines.
  5934 | D:9      | Found a staircase to the Lair.
  6065 | D:9      | Found a bloodstained altar of Trog.
  6261 | D:9      | Noticed a two-headed ogre
  6267 | D:9      | Killed a two-headed ogre
  6268 | D:9      | Reached skill level 9 in Fighting
  6583 | D:10     | Entered Level 10 of the Dungeon
  6655 | D:10     | Noticed a gargoyle
  6661 | D:10     | Killed a gargoyle
  7265 | D:10     | Paralysed by a hornet for 1 turns
  7419 | D:10     | Noticed a two-headed ogre
  7427 | D:10     | Killed a two-headed ogre
  7428 | D:10     | Reached skill level 10 in Fighting
  7567 | D:10     | Noticed a deep elf pyromancer
  7569 | D:10     | Noticed an arcanist
  7580 | D:10     | Killed a deep elf pyromancer
  7581 | D:10     | Gained mutation: You regenerate a lot of health from kills.
                  | [demonic ancestry]
  7581 | D:10     | Reached XP level 11. HP: 63/91 MP: 7/11
  7609 | D:10     | Got Sif Muna's Tome of Plaster Cramp
  7623 | D:10     | Noticed a deep elf pyromancer
  7632 | D:10     | Killed a deep elf pyromancer
  7678 | D:10     | Noticed a deep elf pyromancer
  7686 | D:10     | HP: 4/92 [fire elemental[a deep elf pyromancer] (5)]
  7689 | D:10     | Incinerated by a deep elf pyromancer

Illustrated notes

Levels and vault maps discovered:
D:1:      lightli_arrival_statuegarden, layout_loops_ring,
          shapermc_ecumenical_altar_acropolis, amethyst_killhole
D:2:      kennysheep_six_static_rooms, layout_basic
D:3:      layout_basic, mainiacjoe_overflow_tiny_flanked,
          mainiacjoe_overflow_six_doors_small, elyvilon_altar_4
D:5:      layout_cave_pools, serial_gnoll_camp, gnoll_camp_mini_basic,
          gnoll_camp_mini_basic, gnoll_camp_medium_01, gnoll_camp_mini_shop,
          gnoll_camp_mini_house
D:6:      layout_rooms, worldfamousw_hep_ancestral_shrine, st_stairs_4,
          uniq_menkaure
D:7:      layout_rooms, overflow_temple_1_default,
          pdpol_wu_jian_five_deadly_venoms, minmay_temple_entry_slanted,
          serial_rivers, chequers_serial_rivers_small_b,
          chequers_serial_rivers_small_a, chequers_serial_rivers_micro_e,
          chequers_serial_rivers_room_b
D:8:      layout_cave_pods, kennysheep_mini, mainiacjoe_overflow_big_doors
D:9:      layout_grid_maze, xom_redecorated, mainiacjoe_overflow_paths,
          mainiacjoe_overflow_boulevard, overflow_temple_1_default,
          erik_lair_orcish_takeover, minmay_orc_entry_temple_small,
          grunt_ministairs_12, uniq_prince_ribbit1, uniq_amaemon
D:10:     layout_irregular_city, wad_floor_pattern_2, bh_hangedman_babel_library
Temple:   hellmonk_temple_of_storms

Skill      XL: |  1  2  3  4  5  6  7  8  9 10 11 |
---------------+----------------------------------+-----
Short Blades   | 3 4 |  4.4
Fighting       | 3 4 5 7 8 10 | 10.5
Throwing       | 2 3 4 6 7 |  7.1
Armour         | 3 5 |  5.0
Long Blades    | 5 8 9 |  9.1
Dodging        | |  2.6

Action                     |  1- 3 |  4- 6 |  7- 9 | 10-12 || total
---------------------------+-------+-------+-------+-------++-------
  Melee: Rapier            |   101 |    76 |   284 |       ||   461
         Punch             |     1 |     4 |    21 |    11 ||    37
         Touch             |     7 |    15 |    76 |    27 ||   125
         Long sword        |       |       |    40 |   141 ||   181
  Throw: Throwing net      |       |     2 |       |     1 ||     3
         Javelin           |       |     1 |     3 |       ||     4
         Boomerang         |       |    14 |    30 |    15 ||    59
         Dart              |       |       |       |    10 ||    10
  Evoke: Wand              |       |       |     2 |       ||     2
    Use: Potion            |       |     2 |     4 |     1 ||     7
         Scroll            |       |       |    11 |     5 ||    16
   Stab: Distracted        |       |       |       |     1 ||     1
         Held in net/web   |       |       |       |     1 ||     1
 Armour: Scale mail        |    61 |    36 |   291 |   139 ||   527
         Leather armour    |     3 |       |       |       ||     3
         Skin              |       |       |    16 |       ||    16
  Dodge: Dodged            |    59 |    41 |   265 |    72 ||   437

Table legend: (Time is in decaauts)
 A = Elapsed time spent in this place.
 B = Non-inter-level travel time spent in this place.
 C = Inter-level travel time spent in this place.
 D = Time resting spent in this place.
 E = Time spent auto-exploring this place.
 F = Levels seen in this place.
 G = Mean time per level.
                   A        B        C        D        E       F      G
               +--------+--------+--------+--------+--------+-----+--------+
         Total |   7693 |   7353 |    340 |    927 |   5024 |  10 |  769.3 |
       Dungeon |   7674 |   7352 |    322 |    927 |   5024 |   9 |  852.7 |
        Temple |     18 |      1 |     17 |      0 |      0 |   1 |   18.0 |
               +--------+--------+--------+--------+--------+-----+--------+

Top non-repeatable levels by time:
     D:9: 1490 daAuts
     D:5: 1049 daAuts
     D:1: 980 daAuts
     D:8: 935 daAuts
    D:10: 910 daAuts
     D:2: 882 daAuts
     D:6: 607 daAuts
     D:7: 605 daAuts
     D:3: 212 daAuts
  Temple: 18 daAuts
